 Dungeon Crawl Stone Soup version 0.26-a0-653-g6669bab64c (webtiles) character file.

Game seed: 9944178437984929432

167581 marklar909 the Unseen (level 18, -1/113 HPs)
             Began as a Kobold Monk on Oct 3, 2020.
             Was the Champion of Dithmenos.
             Slain by Agnes
             ... wielding a +0 lajatang of venom
              (25 damage)
             ... on level 2 of the Lair of Beasts on Oct 4, 2020.
             The game lasted 02:47:45 (56531 turns).

marklar909 the Unseen (Kobold Monk)                Turns: 56531, Time: 02:47:46

Health: -1/113     AC: 20    Str: 13    XL:     18   Next: 25%
Magic:  0/29       EV: 26    Int: 13    God:    Dithmenos [******]
Gold:   1780       SH:  8    Dex: 29    Spells: 7/32 levels left

rFire    . . .     SeeInvis .   b - -1 hand crossbow
rCold    + . .     Faith    .   X - +0 buckler
rNeg     . . .     Spirit   +   B - +0 swamp dragon scales
rPois    +         Reflect  .   j - +2 helmet
rElec    .         Harm     .   L - +2 cloak
rCorr    .         Rampage  .   D - +1 pair of gloves {Dex+3}
MR       +++..                  Z - +1 pair of boots
Stlth    ++++++++++             A - amulet of guardian spirit
HPRegen  0.28/turn              G - ring "Vadirurch" {rC+ MR+ Int-2 Dex+7}
MPRegen  0.21/turn              q - ring of protection from magic

@: lethally poisoned (-1 -> -5), about to teleport, wreathed by umbra
A: small, nightstalker 3, strong 1, evolution 1
}: 1/15 runes: decaying
a: Shadow Step, Shadow Form, Renounce Religion


You were on level 2 of the Lair of Beasts.
You worshipped Dithmenos.
Dithmenos was exalted by your worship.
You visited 7 branches of the dungeon, and saw 30 of its levels.

You collected 2600 gold pieces.
You spent 820 gold pieces at shops.

Inventory:

Hand Weapons
 a - a +4 short sword of speed
 b - a -1 hand crossbow (weapon)
 H - a +6 short sword of freezing
Missiles
 J - 247 bolts (quivered)
 K - 8 curare-tipped darts
 U - 2 atropa-tipped darts
Armour
 j - a +2 helmet (worn)
 B - +0 swamp dragon scales (worn)
 D - a +1 pair of gloves of dexterity (worn)
 L - a +2 cloak (worn)
 X - a +0 buckler (worn)
 Z - a +1 pair of boots (worn)
Jewellery
 o - an uncursed ring of wizardry
 q - a ring of protection from magic (right hand)
 A - an amulet of guardian spirit (around neck)
 G - the ring "Vadirurch" (left hand) {rC+ MR+ Int-2 Dex+7}
   (You found it on level 5 of the Lair of Beasts)

   [ring of protection from magic]

   It affects your intelligence (-2).
   It affects your dexterity (+7).
   It protects you from cold.
   It affects your resistance to hostile enchantments.
Wands
 n - a wand of flame (60)
 y - a wand of disintegration (4)
 E - a wand of iceblast (18)
 M - a wand of acid (9)
 W - a wand of digging (9)
Scrolls
 g - 8 scrolls of fog
 h - 10 scrolls of amnesia
 k - 2 scrolls of vulnerability
 p - 4 scrolls of blinking
 w - 12 scrolls of teleportation
 x - 3 scrolls of identify
 F - 8 scrolls of remove curse
 Q - a scroll of fear
 R - 3 scrolls of immolation
 T - 5 scrolls of magic mapping
 V - a scroll of silence
 Y - a scroll of summoning
Potions
 d - 4 potions of stabbing
 e - 2 potions of invisibility
 f - 5 potions of ambrosia
 i - 6 potions of curing
 l - 4 potions of mutation
 r - 5 potions of heal wounds
 s - 2 potions of cancellation
 t - 3 potions of resistance
 u - 4 potions of magic
 v - 3 potions of flight
 z - 4 potions of brilliance
 I - 2 potions of berserk rage
 N - a potion of haste
 O - 3 potions of lignification
 S - 4 potions of might


   Skills:
 + Level 12.7 Fighting
 + Level 14.9 Short Blades
 + Level 7.2 Crossbows
 + Level 4.4 Throwing
 + Level 7.4 Armour
 + Level 12.3 Dodging
 + Level 18.9 Stealth
 + Level 5.7 Shields
 + Level 7.7 Spellcasting
 + Level 2.7 Conjurations
 + Level 8.6 Hexes
 + Level 3.6 Translocations
 + Level 6.2 Transmutations
 + Level 1.8 Fire Magic
 + Level 0.5 Ice Magic
 + Level 5.8 Poison Magic
 + Level 2.6 Invocations
 + Level 6.3 Evocations


You had 7 spell levels left.
You knew the following spells:

 Your Spells              Type           Power        Failure   Level
a - Portal Projectile     Hex/Tloc       ###...       6%          3
b - Olgreb's Toxic Radia  Pois           ###.....     24%         4
c - Ignite Poison         Fire/Tmut/Pois ###.....     12%         3
d - Cause Fear            Hex            ####......   8%          4
e - Confusing Touch       Hex            ####....     2%          3
f - Tukima's Dance        Hex            ####....     2%          3
g - Ensorcelled Hibernat  Hex/Ice        ###...       6%          2
h - Dazzling Flash        Conj/Hex       ###...       8%          3

Your spell library contained the following spells:

 Spells                   Type           Power        Failure   Level
 Beastly Appendage        Tmut           ###...       1%          1
 Corona                   Hex            ####...      1%          1
 Slow                     Hex            ####....     1%          2
 Wereblood                Tmut           ###.....     3%          2
 Spider Form              Tmut/Pois      ###.......   7%          3
 Magic Dart               Conj           ##..         9%          1
 Blink                    Tloc           N/A          9%          2
 Inner Flame              Hex/Fire       ###.....     10%         3
 Foxfire                  Conj/Fire      ##..         11%         1
 Shock                    Conj/Air       #...         16%         1
 Gell's Gravitas          Tloc           ##........   19%         3
 Mephitic Cloud           Conj/Pois/Air  ##......     26%         3
 Conjure Flame            Conj/Fire      ##......     32%         3
 Yara's Violent Unravell  Hex/Tmut       ###.......   34%         5
 Call Imp                 Summ           #.......     38%         2
 Leda's Liquefaction      Hex/Erth       ###.......   41%         4
 Static Discharge         Conj/Air       #.......     43%         3
 Blade Hands              Tmut           ###.......   50%         5
 Ice Form                 Ice/Tmut       ##......     56%         4
 Iskenderun's Mystic Bla  Conj/Tloc      ##......     58%         4
 Petrify                  Tmut/Erth      ##......     58%         4
 Sticky Flame             Conj/Fire      ##......     71%         4
 Irradiate                Conj/Tmut      ###.......   75%         5
 Metabolic Englaciation   Hex/Ice        ###.......   75%         5
 Airstrike                Air            #.........   95%         4
 Summon Lightning Spire   Summ/Air       #.......     95%         4
 Fireball                 Conj/Fire      ##........   96%         5
 Lightning Bolt           Conj/Air       #.........   99%         5
 Iron Shot                Conj/Erth      #.........   100%        6
 Starburst                Conj/Fire      ##........   100%        6
 Ignition                 Fire           #.........   100%        8
 Shatter                  Erth           #.........   100%        9
 Tornado                  Air            #.........   100%        9


Dungeon Overview and Level Annotations

Branches:
Dungeon (15/15)            Temple (1/1) D:6            Lair (6/6) D:10
  Swamp (4/4) Lair:4       Spider (1/4) Lair:2        Slime (0/5) Lair:5
    Orc (2/2) D:12            Elf (1/3) Orc:2        Vaults (0/5) D:14
 Depths (0/5) D:15

Altars:
Ashenzari
Cheibriados
Dithmenos
Elyvilon
Fedhas
Gozag
Hepliaklqana
Kikubaaqudgha
Makhleb
Nemelex Xobeh
Okawaru
Qazlal
Ru
Sif Muna
Trog
Uskayaw
Vehumet
Wu Jian
Xom
Yredelemnul
Zin
The Shining One
Beogh

Shops:
D:8 [   D:12 [   Orc:1 *   Orc:2 *:[(!

Annotations:
D:7 exclusion: statue
D:14 Roxanne
D:15 exclusion: obsidian statue
Lair:2 Agnes


Innate Abilities, Weirdness & Mutations

You are small and have problems with some larger weapons.
You are completely attuned to the shadows.
Your muscles are strong. (Str +2)
You evolve.


Message History

Casting: Portal Projectile (mildly dangerous; 6% risk of failure)
Confirm with . or Enter, or press ? or * to list all spells.
Okay, then.
Firing (i - inventory. (/) - cycle)
J - 249 bolts (quivered)
Press: ? - help, Shift-Dir - straight line, f/p - Agnes
Aim: Agnes, wielding a +0 lajatang of venom and wearing a +0 robe (black smoke, severely wounded, umbra)
You magically shoot a bolt.
The bolt barely misses Agnes.
You feel sick.
Agnes hits you with a +0 lajatang of venom!!
* * * LOW HITPOINT WARNING * * *
Firing (i - inventory. (/) - cycle)
J - 248 bolts (quivered)
Press: ? - help, Shift-Dir - straight line, f/p - Agnes
Aim: Agnes, wielding a +0 lajatang of venom and wearing a +0 robe (black smoke, severely wounded, umbra)
You magically shoot a bolt.
The bolt closely misses Agnes.
You are no longer teleporting projectiles to their destination.
You feel sick. Agnes hits you but does no damage. Agnes completely misses you.
Okay, then.
As you read the scroll of teleportation, it crumbles to dust.
You feel strangely unstable.
You feel sick. You block Agnes's attack.
Agnes hits you with a +0 lajatang of venom!!
You die...

....#..........##.......P##....+.
....P.....##...##.......##P..##..
...............##........#######.
...........#.##..........##.P##P.
....#.....##..#.#...(....##...#..
.................................
'#.P#.........§§§§§..............
..............§§§i§§.............
...............§@§§..............
..............§§§§.§.............
..............§§.§§§.............
........................P..P..#..
.##.##.#.##..###.##.....##..#.#..
######.....##..####.....##.......
...##.......##...##.....#.....##.
......###....#....#...........#..
..##.##...#..##..........≈....♣♣♣


You could see Agnes.

Vanquished Creatures
  Jorgrun (D:14)
  Kirke (D:15)
  Frances (Spider:1)
  A fire giant (D:15)
  3 orc warlords
  Louise (Swamp:1)
  Nessos (D:14)
  A deep elf annihilator (Elf:1)
  A fire dragon (Lair:6)
  3 ice dragons (Swamp:4)
  9 hydras
  A ghost crab (Swamp:3)
  5 centaur warriors
  3 shambling mangroves
  7 alligators
  An anaconda (Lair:5)
  3 dancing weapons (Elf:1)
  3 two-headed ogres
  8 death yaks
  3 orc high priests
  Urug (D:11)
  Nergalle (D:11)
  7 spriggans
  3 deep elf knights (Elf:1)
  An unseen horror (D:13)
  2 spriggan druids (Swamp:4)
  7 swamp dragons
  A wizard (D:15)
  Pikel (D:9)
  6 orc knights
  3 deep elf archers (Elf:1)
  A lindwurm (shapeshifter) (D:14)
  5 orb spiders (Spider:1)
  18 deep elf magi
  8 wolf spiders
  2 ugly things
  A cyclops (D:11)
  2 oklob plants (Lair:2)
  10 orc sorcerers
  10 elephants
  2 manticores
  2 centaur zombies (D:12)
  4 black mambas
  Maurice (D:11)
  A guardian serpent (D:13)
  The ghost of TigOlBitties the Magician, a novice DEAE (D:6)
  A gargoyle (D:14)
  16 cane toads
  A torpor snail (Lair:4)
  A kobold demonologist (D:13)
  7 komodo dragons
  7 rime drakes
  3 freezing wraiths (Swamp:4)
  3 meliai (D:15)
  17 hornets
  10 hippogriffs
  24 slime creatures
  6 jumping spiders (Spider:1)
  9 trolls
  2 polar bears
  4 bog bodies
  10 tyrant leeches
  10 blink frogs
  A meliai zombie (D:14)
  8 tarantellas (Spider:1)
  3 wyverns
  2 wraiths
  A shadow (Swamp:4)
  13 redbacks
  A water elemental (Elf:1)
  3 swamp worm simulacra (Swamp:4)
  37 yaks
  A human (shapeshifter) (D:14)
  5 basilisks
  5 hogs
  2 steam dragons (Lair:6)
  3 fire bats (Orc:1)
  17 swamp worms
  21 vampire mosquitoes
  A soldier ant (D:12)
  8 insubstantial wisps
  20 water moccasins
  6 wargs
  2 acid dragons
  14 hydra simulacra (Swamp:4)
  4 ice beasts
  5 porcupines
  10 swamp drakes
  43 orc warriors
  17 ogres
  3 eyes of draining
  7 sky beasts
  2 phantoms
  2 necrophages
  29 centaurs
  11 wolves
  15 crocodiles
  2 lemures (D:9)
  3 big kobolds
  16 bullfrogs
  An earth elemental (Elf:1)
  2 scorpions
  10 killer bees
  13 wights
  5 electric eels
  A howler monkey (D:6)
  3 bullfrog zombies
  2 quasits
  22 orc priests
  A bullfrog skeleton (D:10)
  3 hounds
  19 jellies
  36 orc wizards
  3 iguanas
  Jessica (D:3)
  6 centaur skeletons
  11 worker ants
  6 hell rats (Lair:5)
  2 hound skeletons
  A worker ant zombie (D:8)
  A howler monkey skeleton (D:7)
  12 adders
  A white imp (D:9)
  3 ufetubi
  2 oozes
  5 swamp drake simulacra (Swamp:4)
  An adder skeleton (D:9)
  A worm (shapeshifter) (D:14)
  5 worms
  3 dart slugs
  5 leopard geckos
  100 orcs
  4 bats
  5 giant cockroaches
  10 goblins
  2 hobgoblins
  8 jackals
  5 quokkas
  2 ball pythons (D:3)
  A ball python zombie (D:6)
  5 frilled lizards
  A jackal skeleton (D:4)
  A jackal zombie (D:3)
  22 kobolds
  A leopard gecko zombie (D:5)
  A quokka skeleton (D:2)
  8 rats
995 creatures vanquished.

Vanquished Creatures (others)
  A deep elf sorcerer (Elf:1)
  A spriggan druid (Swamp:4)
  A rime drake (Lair:6)
  A hornet (Swamp:4)
  2 spriggans (Swamp:4)
  An insubstantial wisp (Swamp:3)
  An orc (D:14)
  71 fungi
  127 plants
206 creatures vanquished.

Grand Total: 1201 creatures vanquished

Notes
Turn   | Place    | Note
-------+----------+-------------------------------------------
     0 | D:1      | marklar909 the Kobold Monk began the quest for the Orb.
     0 | D:1      | Reached XP level 1. HP: 14/14 MP: 1/1
   362 | D:1      | Reached XP level 2. HP: 19/19 MP: 2/2
   926 | D:1      | Reached skill level 3 in Stealth
   926 | D:1      | Reached XP level 3. HP: 24/24 MP: 3/3
  1060 | D:2      | Found a glowing silver altar of Zin.
  1060 | D:2      | Noticed an angel
  1804 | D:3      | Reached XP level 4. HP: 25/29 MP: 4/4
  1880 | D:3      | Reached skill level 4 in Stealth
  2246 | D:2      | Reached skill level 5 in Short Blades
  2481 | D:3      | Noticed Jessica
  2525 | D:3      | Killed Jessica
  2525 | D:3      | Reached XP level 5. HP: 21/33 MP: 5/5
  2786 | D:3      | Found a glowing golden altar of the Shining One.
  3325 | D:4      | Noticed an ogre
  3332 | D:4      | Killed an ogre
  3332 | D:4      | Reached skill level 1 in Throwing
  3332 | D:4      | Reached XP level 6. HP: 38/38 MP: 6/6
  3350 | D:4      | Reached skill level 5 in Stealth
  3478 | D:4      | Reached skill level 5 in Dodging
  3754 | D:4      | Reached XP level 7. HP: 43/43 MP: 7/7
  4832 | D:4      | Found an iron altar of Okawaru.
  4968 | D:5      | Entered Level 5 of the Dungeon
  5920 | D:6      | Found a runed translucent door.
  5967 | D:6      | Reached skill level 6 in Stealth
  6186 | D:6      | Found a staircase to the Ecumenical Temple.
  6558 | D:6      | Noticed TigOlBitties's ghost (novice DEAE)
  6577 | D:6      | Killed TigOlBitties's ghost
  6577 | D:6      | Reached XP level 8. HP: 38/48 MP: 8/8
  6771 | D:7      | Reached skill level 5 in Fighting
  6771 | D:7      | Reached skill level 1 in Armour
  6781 | D:7      | Reached skill level 7 in Stealth
  6817 | Temple   | Entered the Ecumenical Temple
  7018 | Temple   | Became a worshipper of Dithmenos the Shadowed
  7018 | Temple   | Reached * piety under Dithmenos
  7018 | Temple   | Reached ** piety under Dithmenos
  7102 | D:7      | Reached XP level 9. HP: 54/54 MP: 9/9
  7668 | D:7      | Noticed a hippogriff
  7801 | D:6      | Killed a hippogriff
  7801 | D:6      | Reached skill level 8 in Stealth
  7801 | D:6      | Reached skill level 1 in Invocations
  7801 | D:6      | Reached skill level 1 in Evocations
  8852 | D:7      | Found a radiant altar of Vehumet.
  8889 | D:7      | Found a sacrificial altar of Ru.
  8889 | D:7      | Found a hide-covered altar of Uskayaw.
  9249 | D:7      | Reached skill level 10 in Short Blades
  9283 | D:7      | Found a radiant altar of Vehumet.
  9433 | D:8      | Noticed a hornet
  9437 | D:8      | Killed a hornet
  9437 | D:8      | Reached skill level 9 in Stealth
  9437 | D:8      | Reached XP level 10. HP: 60/60 MP: 11/11
  9487 | D:8      | Got a faintly humming ring mail
  9911 | D:8      | Found Kegh's Armour Shoppe.
 10091 | D:8      | Identified the cursed +0 chain mail "Taruxuh" {rF+ rN+}
 10357 | D:8      | Noticed a two-headed ogre
 10361 | D:8      | Killed a two-headed ogre
 10361 | D:8      | Reached skill level 10 in Stealth
 10369 | D:8      | Paralysed by a hornet for 1 turns
 10374 | D:8      | Reached *** piety under Dithmenos
 10981 | D:9      | Found a blossoming altar of Fedhas.
 11347 | D:9      | Reached skill level 11 in Stealth
 11439 | D:9      | Noticed Pikel
 11445 | D:9      | Killed Pikel
 11456 | D:9      | Found a basalt altar of Yredelemnul.
 11516 | D:9      | Reached XP level 11. HP: 59/66 MP: 12/12
 11871 | D:10     | Entered Level 10 of the Dungeon
 11948 | D:10     | Reached **** piety under Dithmenos
 12065 | D:10     | Reached skill level 12 in Stealth
 12304 | D:10     | Found a staircase to the Lair.
 12304 | D:10     | Noticed an elephant
 12595 | D:10     | Noticed a brown ugly thing
 12599 | D:10     | Killed a brown ugly thing
 12653 | D:10     | Reached skill level 13 in Stealth
 12931 | D:11     | Noticed a cyclops
 12932 | D:11     | Noticed Nergalle
 12935 | D:11     | Killed a cyclops
 12972 | D:11     | Killed Nergalle
 12972 | D:11     | Reached skill level 1 in Spellcasting
 13391 | D:11     | Found a frozen archway.
 13468 | D:11     | Noticed Maurice
 13472 | D:11     | Killed Maurice
 13555 | D:11     | Got a pair of dazzling boots
 13818 | D:11     | Noticed Urug
 14177 | D:11     | Killed Urug
 14433 | D:10     | Killed an elephant
 14433 | D:10     | Reached XP level 12. HP: 73/73 MP: 15/15
 14436 | Lair:1   | Entered Level 1 of the Lair of Beasts
 14456 | Lair:1   | Got a polished ring mail
 14692 | Lair:1   | Reached skill level 14 in Stealth
 15045 | Lair:1   | Upgraded the game from 0.26-a0-652-gafc20e3620 to
                  | 0.26-a0-653-g6669bab64c
 15125 | Lair:1   | Learned a level 3 spell: Portal Projectile
 15208 | Lair:1   | Reached ***** piety under Dithmenos
 15255 | Lair:1   | Reached skill level 1 in Crossbows
 15445 | Lair:1   | Identified the cursed -3 pair of boots of the Invisible
                  | Hand {rPois} (You found it on level 11 of the Dungeon)
 15446 | Lair:1   | Identified the +0 ring mail of Duck's Teeth {rC+ MR+ Int+2}
                  | (You found it on level 8 of the Dungeon)
 15447 | Lair:1   | Identified the +4 ring mail of Neghocre {MR+} (You found it
                  | on level 1 of the Lair of Beasts)
 16238 | Lair:2   | Found a hole to the Spider Nest.
 16385 | Lair:2   | Reached skill level 1 in Translocations
 16479 | Lair:2   | Reached skill level 1 in Hexes
 16850 | Lair:1   | Reached skill level 5 in Armour
 17399 | Lair:2   | Reached XP level 13. HP: 49/79 MP: 17/17
 17926 | Lair:3   | Reached skill level 15 in Stealth
 17926 | Lair:3   | Reached skill level 1 in Shields
 18501 | Lair:3   | Reached skill level 10 in Dodging
 21737 | Lair:4   | Found a staircase to the Swamp.
 21875 | Lair:4   | Reached skill level 5 in Evocations
 21884 | Lair:4   | Identified An Early Guide to Thaumaturgy
 25122 | D:10     | Learned a level 4 spell: Olgreb's Toxic Radiance
 25126 | D:10     | Learned a level 3 spell: Ignite Poison
 25131 | D:10     | Learned a level 4 spell: Cause Fear
 25417 | Lair:5   | Noticed a four-headed hydra
 25420 | Lair:5   | Reached XP level 14. HP: 86/86 MP: 18/18
 25719 | Lair:5   | Reached skill level 1 in Transmutations
 25891 | Lair:5   | Got a faintly glowing bronze ring
 25899 | Lair:5   | Found a staircase to the Slime Pits.
 25906 | Lair:5   | Reached skill level 1 in Poison Magic
 26484 | Lair:5   | Reached ****** piety under Dithmenos
 27568 | Lair:5   | Reached skill level 16 in Stealth
 27595 | Lair:6   | Entered Level 6 of the Lair of Beasts
 29488 | Lair:6   | Reached skill level 10 in Fighting
 29834 | Lair:6   | Identified the ring "Vadirurch" {rC+ MR+ Int-2 Dex+7} (You
                  | found it on level 5 of the Lair of Beasts)
 30535 | D:12     | Found Gej Suyrr's Antique Armour Shoppe.
 30639 | D:12     | Found a staircase to the Orcish Mines.
 31501 | D:12     | Reached skill level 5 in Hexes
 31625 | Orc:1    | Entered Level 1 of the Orcish Mines
 31740 | Orc:1    | Noticed an orc warlord
 32115 | Orc:1    | Reached XP level 15. HP: 79/92 MP: 19/19
 32293 | D:12     | Killed an orc warlord
 32699 | Orc:1    | Found Laloen's Assorted Antiques.
 32704 | Orc:1    | Bought a blue potion for 27 gold pieces
 32704 | Orc:1    | Bought a sapphire potion for 27 gold pieces
 33223 | Orc:2    | Entered Level 2 of the Orcish Mines
 33224 | Orc:2    | Noticed an orc warlord
 33225 | Orc:2    | Found Deohineha's Antique Weapon Boutique.
 33551 | Orc:2    | Found Okhloz's General Store.
 33761 | Orc:2    | Killed an orc warlord
 34817 | Orc:2    | Bought a potion of curing for 39 gold pieces
 34834 | Orc:2    | Found Hiuczegepn's Book Emporium.
 34839 | Orc:2    | Bought a book of Maledictions for 425 gold pieces
 35446 | Orc:2    | Found Guemne Urebu's Antique Armour Shop.
 35663 | Orc:2    | Noticed an orc warlord
 35704 | Orc:2    | Found a staircase to the Elven Halls.
 35765 | Orc:1    | Killed an orc warlord
 36284 | Orc:2    | Found Plog's Distillery.
 36447 | Orc:2    | Bought a potion of stabbing for 52 gold pieces
 37696 | D:13     | Reached skill level 5 in Crossbows
 37714 | D:13     | Reached skill level 5 in Poison Magic
 37893 | D:13     | Reached skill level 5 in Transmutations
 38491 | D:13     | Learned a level 3 spell: Confusing Touch
 38495 | D:13     | Learned a level 3 spell: Tukima's Dance
 38498 | D:13     | Learned a level 2 spell: Ensorcelled Hibernation
 38959 | D:14     | Reached skill level 1 in Fire Magic
 39009 | D:14     | Noticed Nessos
 39010 | D:14     | Noticed Jorgrun
 39760 | D:14     | Killed Nessos
 39794 | D:14     | Noticed Roxanne
 39874 | D:14     | You fall into a shaft and drop 1 floor!
 39874 | D:15     | Entered Level 15 of the Dungeon
 40136 | D:14     | Reached XP level 16. HP: 90/99 MP: 16/22
 40401 | D:14     | Killed Jorgrun
 40585 | D:14     | Found a gate to the Vaults.
 40615 | D:14     | Found a runed translucent door.
 40927 | D:14     | Reached skill level 17 in Stealth
 41086 | D:14     | Found a roughly hewn altar of Beogh.
 41319 | D:15     | Noticed Kirke
 41364 | D:15     | Killed Kirke
 41430 | D:15     | Noticed a fire giant
 42020 | D:15     | Found a glowing golden altar of the Shining One.
 42199 | D:15     | Found a staircase to the Depths.
 42493 | D:15     | Killed a fire giant
 42493 | D:15     | Reached skill level 5 in Shields
 42668 | Orc:2    | Bought a pair of embroidered boots for 142 gold pieces
 42687 | Orc:2    | Bought a fine robe for 108 gold pieces
 42688 | Orc:2    | Identified the +1 robe of Pandemonium {*Slow rC++ MR+++
                  | Regen+} (You bought it in a shop on level 2 of the Orcish
                  | Mines)
 42955 | Swamp:1  | Entered Level 1 of the Swamp
 43805 | Swamp:1  | Reached skill level 5 in Spellcasting
 44012 | Swamp:1  | Noticed Louise
 44016 | Swamp:1  | Killed Louise
 44582 | Swamp:1  | Learned a level 3 spell: Dazzling Flash
 45212 | Swamp:2  | Reached skill level 1 in Conjurations
 45336 | Swamp:2  | Reached XP level 17. HP: 106/106 MP: 25/25
 48220 | Swamp:3  | Reached skill level 18 in Stealth
 48460 | Swamp:3  | Got a faintly humming ring mail
 48837 | Swamp:3  | Found an ancient bone altar of Kikubaaqudgha.
 48937 | Swamp:4  | Entered Level 4 of the Swamp
 48963 | Swamp:3  | Identified the cursed +1 ring mail of the Desert {+Inv
                  | rCorr SInv Stlth+} (You found it on level 3 of the Swamp)
 52078 | Swamp:4  | Got a decaying rune of Zot
 52471 | Elf:1    | Entered Level 1 of the Elven Halls
 52497 | Elf:1    | Gained mutation: You evolve. [a neqoxec]
 52552 | Elf:1    | Gained mutation: Your muscles are strong. (Str +2)
                  | [evolution]
 52860 | Elf:1    | Identified Zujighopp's Guide on Confrontation
 55003 | Elf:1    | Reached XP level 18. HP: 81/113 MP: 15/29
 55408 | Spider:1 | Entered Level 1 of the Spider Nest
 55786 | Spider:1 | Noticed Frances
 55793 | Spider:1 | Killed Frances
 55832 | Spider:1 | Noticed Agnes
 56531 | Lair:2   | Slain by Agnes

Illustrated notes

Levels and vault maps discovered:
D:1:      minmay_arrival_diagonal_passages, layout_basic, minmay_pentomino_w2
D:2:      layout_basic, zin_angel, feat_on_display
D:3:      layout_basic, tso_metal_star, uniq_jessica
D:4:      layout_rooms, okawaru_trees_2
D:5:      layout_cave_pods
D:6:      layout_gridville, minmay_temple_entry_purple_smoke,
          ebering_ghost_reflecting_pool, minmay_misc_feat_roman
D:7:      layout_cave_pools, vehumet_statue, gammafunk_temple_overflow_pools,
          vehumet_altar_wand_db
D:8:      layout_loops_ring, serial_shops, kennysheep_mini
D:9:      layout_roguey, fedhas_altar_3, yredelemnul_altar_generic, uniq_pikel
D:10:     layout_cave_pods, david_lair_generic, serial_park, serial_park_paths
          [serial_park_minivault_5x5_6], serial_park_gazebo
          [serial_park_minivault_5x5_4]
D:11:     layout_long_grid, portal_ice_cave_entry_pillars_1, uniq_nergalle,
          uniq_urug, uniq_maurice
D:12:     layout_loops_corners, orc_0_dummy, serial_shops, shop,
          gauntlet_entry_generic, feat_on_display
D:13:     layout_cave_pools, nrook_guardian_serpent_double
D:14:     layout_cave_pools, david_vaults_2, kennysheep_nub,
          lightli_church_of_beogh, uniq_nessos, uniq_jorgrun, uniq_roxanne
D:15:     grunt_enter_depths_giant_problem, layout_rooms, serial_park_square1
          [serial_park_minivault_5x5_4], minivault_16,
          chequers_serial_rivers_micro_e, drop_trap, uniq_kirke
Temple:   bh_familiar_temple
Lair:1:   layout_chaotic_city, infiniplex_staircase_pool
Lair:2:   layout_regular_city, spider_nest_entry_funnel_web,
          lemuel_fruit_fields, infiniplex_staircase_pool_2,
          serial_bayou_shore_a, grunt_megastairs_2, minmay_lair_oklob_chamber
Lair:3:   layout_chaotic_city, lemuel_fruit_fields, grunt_megastairs_1
Lair:4:   layout_small_grid, swamp_mist
Lair:5:   beast_lair_carwin_large_3, layout_gridlike,
          minmay_slime_entry_jelly_boxes, serial_bayou_lagoon_a,
          serial_bayou_shore_b
Lair:6:   guppyfry_lair_end_dragon, layout_regular_city, grunt_megastairs_4
Swamp:1:  layout_basic_swamp, evilmike_swamp_ruin_house_3, uniq_louise
Swamp:2:  layout_basic_swamp, evilmike_swamp_ruin_house_2
Swamp:3:  layout_basic_swamp, evilmike_swamp_ruin_rubble_1, swamp_pool1,
          nicolae_swamp_godswood
Swamp:4:  swamp_icy, layout_basic_swamp, swamp_pool5
Spider:1: layout_spider_delve, uniq_agnes, uniq_frances
Orc:1:    layout_caves, serial_shops, nicolae_shop_crystal,
          nicolae_volcano_entry_batcave
Orc:2:    grunt_orc_gardens, layout_caves, grunt_orc_garden, grunt_orc_garden,
          grunt_orc_garden, grunt_orc_garden, serial_shops, shop,
          nicolae_orc_flooded_monolith
Elf:1:    layout_onion_city, minmay_elf_annihilation

Skill      XL: |  1  2  3  4  5  6  7  8  9 10 11 12 13 14 15 16 17 |
---------------+----------------------------------------------------+-----
Stealth        | 3 4 5 6 7 9 11 13 14 15 16 17 18 | 18.9
Dodging        | 4 5 6 7 8 9 10 11 12 | 12.3
Short Blades   | 5 6 8 9 10 11 12 13 14 | 14.9
Fighting       | 4 5 6 8 9 10 11 12 | 12.7
Throwing       | 1 2 3 4 |  4.4
Armour         | 1 2 3 4 5 6 7 |  7.4
Invocations    | 2 |  2.6
Evocations     | 1 2 3 5 6 |  6.3
Spellcasting   | 2 3 4 5 7 |  7.7
Crossbows      | 3 4 5 7 |  7.2
Translocations | 2 3 |  3.6
Hexes          | 1 3 5 6 7 8 |  8.6
Shields        | 2 3 4 5 |  5.7
Transmutations | 3 5 6 |  6.2
Poison Magic   | 3 5 |  5.8
Fire Magic     | 1 |  1.8
Conjurations   | 1 2 |  2.7
Ice Magic      | |  0.5

Action                   |  1- 3 |  4- 6 |  7- 9 | 10-12 | 13-15 | 16-18 || total
-------------------------+-------+-------+-------+-------+-------+-------++-------
Melee: Short sword       |    93 |   190 |   328 |   575 |  2092 |  1390 ||  4668
 Fire: Arbalest          |       |       |       |    11 |    10 |       ||    21
       Hand crossbow     |       |       |       |       |    55 |    28 ||    83
Throw: Dart              |       |    16 |     9 |    16 |    31 |     8 ||    80
 Cast: Portal Projectile |       |       |       |       |     2 |     5 ||     7
       Olgreb's Toxic Ra |       |       |       |       |    22 |    21 ||    43
       Ignite Poison     |       |       |       |       |    15 |    16 ||    31
       Cause Fear        |       |       |       |       |     2 |     1 ||     3
       Confusing Touch   |       |       |       |       |     5 |    73 ||    78
       Ensorcelled Hiber |       |       |       |       |     2 |     2 ||     4
       Dazzling Flash    |       |       |       |       |       |    38 ||    38
       Tukima's Dance    |       |       |       |       |       |     1 ||     1
Invok: Shadow Step       |       |       |     1 |       |     1 |       ||     2
Evoke: Wand              |       |       |    11 |    25 |    37 |     8 ||    81
  Use: Scroll            |       |     4 |    12 |     9 |    14 |    14 ||    53
       Potion            |       |     3 |     1 |     4 |     3 |     3 ||    14
 Stab: Sleeping          |    16 |     7 |    27 |    84 |   119 |    77 ||   330
       Distracted        |       |     1 |     1 |     4 |    23 |    11 ||    40
       Invisible         |       |       |       |     3 |       |    32 ||    35
       Paralysed         |       |       |       |       |     1 |       ||     1
       Confused          |       |       |       |       |     5 |    68 ||    73
Armor: Robe              |     7 |    32 |    16 |       |       |       ||    55
       Leather armour    |       |       |    26 |    51 |    31 |       ||   108
       Skin              |       |       |       |       |    10 |    12 ||    22
       Ring mail         |       |       |       |       |   172 |    36 ||   208
       Swamp dragon scal |       |       |       |       |       |   128 ||   128
Dodge: Dodged            |    56 |   147 |   257 |   351 |  1016 |   741 ||  2568
Block: Buckler           |       |       |       |       |   327 |   316 ||   643

Table legend: (Time is in decaauts)
 A = Elapsed time spent in this place.
 B = Non-inter-level travel time spent in this place.
 C = Inter-level travel time spent in this place.
 D = Time resting spent in this place.
 E = Time spent auto-exploring this place.
 F = Levels seen in this place.
 G = Mean time per level.
                   A        B        C        D        E       F      G
               +--------+--------+--------+--------+--------+-----+--------+
         Total |  54693 |  47550 |   7143 |  15647 |  21949 |  30 | 1823.1 |
       Dungeon |  22052 |  19532 |   2520 |   5114 |  10600 |  15 | 1470.1 |
        Temple |    220 |    169 |     51 |      0 |    166 |   1 |  220.0 |
          Lair |  16431 |  13740 |   2691 |   5029 |   5534 |   6 | 2738.5 |
         Swamp |   8980 |   7860 |   1120 |   3539 |   2903 |   4 | 2245.0 |
   Spider Nest |    100 |    100 |      0 |      0 |     30 |   1 |  100.0 |
  Orcish Mines |   4649 |   4221 |    428 |   1583 |   1570 |   2 | 2324.5 |
   Elven Halls |   2258 |   1928 |    330 |    380 |   1145 |   1 | 2258.0 |
               +--------+--------+--------+--------+--------+-----+--------+

Top non-repeatable levels by time:
  Lair:2: 5251 daAuts
 Swamp:2: 2842 daAuts
   Orc:2: 2830 daAuts
 Swamp:4: 2627 daAuts
  Lair:3: 2620 daAuts
  Lair:6: 2539 daAuts
     D:6: 2333 daAuts
   Elf:1: 2258 daAuts
  Lair:1: 2161 daAuts
 Swamp:3: 2047 daAuts
  Lair:5: 2024 daAuts
    D:12: 1962 daAuts
    D:13: 1904 daAuts
  Lair:4: 1834 daAuts
   Orc:1: 1819 daAuts
